 Dungeon Crawl Stone Soup version 0.24.1-14-gf8d2b509d9 (webtiles) character file.

Game seed: 17800417040032928016, levelgen mode: deterministic

80 Curus the Poker (level 4, -6/57 HPs)
             Began as a Draconian Berserker on May 31, 2020.
             Was a Believer of Trog.
             Mangled by a gnoll
             ... wielding a +0 halberd
              (13 damage)
             ... on level 1 of the Dungeon.
             The game lasted 00:06:59 (1442 turns).

Curus the Poker (Draconian Berserker)               Turns: 1442, Time: 00:06:59

Health: -6/57      AC:  5    Str: 24    XL:     4   Next: 18%
Magic:  4/4        EV: 12    Int:  8    God:    Trog [**....]
Gold:   87         SH:  0    Dex: 11    Spells: 3/3 levels left

rFire    . . .     SeeInvis .   a - +0 spear
rCold    . . .     Gourm    .   (no shield)
rNeg     . . .     Faith    .   (armour unavailable)
rPois    .         Spirit   .   (helmet restricted)
rElec    .         Reflect  .   (no cloak)
rCorr    .         Harm     .   (no gloves)
MR       .....                  (no boots)
Stlth    ..........             (no amulet)
HPRegen  0.19/turn              (no ring)
MPRegen  0.09/turn              (no ring)

@: berserking, very quick
A: unfitting armour, cold-blooded, AC +5
a: Berserk, Trog's Hand, Renounce Religion


You were on level 1 of the Dungeon.
You worshipped Trog.
Trog was pleased with you.
You were hungry.

You visited 1 branch of the dungeon, and saw 2 of its levels.

You collected 87 gold pieces.

Inventory:

Hand Weapons
 a - a +0 spear (weapon)
Jewellery
 d - an uncursed ring of ice
Scrolls
 c - 4 scrolls of teleportation
 e - a scroll of blinking
 f - a scroll of identify
Comestibles
 b - 3 rations
 g - 2 chunks of flesh


   Skills:
 - Level 3.2 Fighting
 + Level 5.1 Polearms
 - Level 2.6 Dodging


You had 3 spell levels left.
You didn't know any spells.
Your spell library was empty.

Dungeon Overview and Level Annotations

Branches:
Dungeon (2/15)

Altars:


Innate Abilities, Weirdness & Mutations

Your plain brown scales are hard. (AC +5)
You cannot fit into any form of body armour.
You are cold-blooded and may be slowed by cold attacks.


Message History

You see here a rat corpse.
There is an escape hatch in the ceiling here.
The gnoll misses you.
There is an escape hatch in the ceiling here.
You can't go down here!
The gnoll barely misses you. A mysterious force pulls you upwards.
The hatch slams shut behind you.
You closely miss the gnoll. You barely miss the gnoll.
Your tail-slap misses the gnoll.
The gnoll hits you with a +0 halberd!
* * * LOW HITPOINT WARNING * * *
A red film seems to cover your vision as you go berserk!
You feel yourself moving faster!
You feel mighty!
You are feeling hungry.
The gnoll misses you.
You closely miss the gnoll. You barely miss the gnoll. You tail-slap the gnoll.
The gnoll is moderately wounded.
The gnoll hits you with a +0 halberd!
You die...

#....'..# # #....##.#
# ####....##.# #
#.......##.#
######.###...##.####
#......# #...##....#
#......########....##
#..g.................
##..@..########....##
#.....'.# #....##
#.....#.# #......
##'####.#### #....##
#.# #....# #......
#)# ####.###.....#
#.# ####.....#+#.#
#.# #.....####.#.#
#†# #.............


You could see a gnoll.

Vanquished Creatures
  A gnoll (D:2)
  3 adders (D:2)
  A shadow imp (D:2)
  2 worms (D:2)
  2 giant cockroaches
  3 goblins
  4 hobgoblins (D:1)
  4 jackals (D:1)
  5 bats
  2 frilled lizards (D:2)
  A kobold (D:2)
  7 rats
35 creatures vanquished.

Notes
Turn   | Place    | Note
-------+----------+-------------------------------------------
     0 | D:1      | Curus the Draconian Berserker began the quest for the Orb.
     0 | D:1      | Reached XP level 1. HP: 19/19 MP: 1/1
   133 | D:1      | Reached XP level 2. HP: 12/26 MP: 2/2
   993 | D:2      | Reached skill level 4 in Polearms
   993 | D:2      | Reached XP level 3. HP: 28/31 MP: 3/3
  1229 | D:2      | Reached ** piety under Trog
  1240 | D:2      | Reached XP level 4. HP: 28/38 MP: 4/4
  1394 | D:2      | Reached skill level 5 in Polearms
  1442 | D:1      | Mangled by a gnoll

Levels and vault maps discovered:
D:1:      psy_arrival_basics, layout_basic, minmay_misc_feat_iff
D:2:      layout_loops_cross, makhleb_altar_promises_db

Skill      XL: |  1  2  3  4 |
---------------+-------------+-----
Polearms       | 4 5 |  5.1
Fighting       | |  3.2
Dodging        | |  2.6

Action                   |  1- 3 |  4- 6 || total
-------------------------+-------+-------++-------
Melee: Spear             |   140 |    22 ||   162
       Tailslap          |    12 |     3 ||    15
Invok: Berserk           |       |     1 ||     1
  Use: Scroll            |     4 |       ||     4
       Potion            |     2 |     1 ||     3
 Stab: Sleeping          |     1 |       ||     1
  Eat: Chunk             |     1 |     1 ||     2
Armor: Skin              |    21 |     3 ||    24
Dodge: Dodged            |    60 |    11 ||    71
